 Dungeon Crawl Stone Soup version 0.32-a0-747-gc8563f6773 (webtiles) character file.

Game seed: 1448444203007478170

403760 shadizar the Wishgranter (level 24, -68/184 HPs)
             Began as a Djinni Conjurer on Mar 17, 2024.
             Was the Champion of Makhleb.
             Killed from afar by an ancient lich (75 damage)
             ... with a crystal spear
             ... on level 5 of the Vaults.
             The game lasted 01:35:09 (38058 turns).

shadizar the Wishgranter (Djinni Conjurer)         Turns: 38058, Time: 01:35:09

Health: -68/184    AC: 15    Str:  5    XL:     24   Next: 47%
Gold:   5054       EV: 18    Int: 39    God:    Makhleb [******] SH: 20 Dex: 22

rFire   + + +        W - staff "Keroceg" {rElec rF- rC+ Dex+2 Earth}
rCold   + . .        K - +0 tower shield {AC+3}
rNeg    + + +        w - +2 robe {rC+ rF+}
rPois   ∞            G - +2 helmet {Int+3}
rElec   +            u - +2 cloak
rCorr   .            j - +0 pair of gloves of Evolution {Rampage rF+ rN++ Str-3}
SInv    .            (boots unavailable)
Will    ++++.        I - amulet of regeneration
Stlth   +++          P - ring of Deerir {rN+ Will+ Str+6}
HPRegen 1.30/turn    a - ring of Qarag {Will+ Str-4 Int+6 Dex+6 Stlth+}
MPRegen 0.00/turn

%: rampage, infuse magic (-69 HP)
@: flying, studying Spellcasting
A: sickness immunity, fire resistance 2, cold vulnerability 1, float, innate
caster, HP casting, extra vitality 1
}: 2/15 runes: decaying, serpentine
a: Renounce Religion, Minor Destruction, Lesser Servant of Makhleb, Major
Destruction, Greater Servant of Makhleb


You were on level 5 of the Vaults.
You worshipped Makhleb.
Makhleb was exalted by your worship.
You visited 8 branches of the dungeon, and saw 39 of its levels.
You also visited: Gauntlet and Desolation.

You collected 5654 gold pieces.
You spent 600 gold pieces at shops.

Inventory:

Armour
 j - the +0 pair of gloves of Evolution (worn) {Rampage rF+ rN++ Str-3}
   (You found it in the Desolation of Salt)

   Str-3:     It affects your strength (-3).
   rF+:       It protects you from fire.
   rN++:      It greatly protects you from negative energy.
   Rampage:   It bestows one free step when moving towards enemies.
 k - the +1 robe of Gozag's Favour {Dex+4 Archmagi}
   (You found it on level 2 of the Vaults)

   Dex+4:     It affects your dexterity (+4).
   Archmagi:  It increases the power of your magical spells.
 n - a +0 tower shield of reflection
 u - a +2 cloak (worn)
 w - a +2 robe of resistance (worn)
 G - a +2 helmet of intelligence (worn)
 K - a +0 tower shield of protection (worn)
 T - a +2 pair of gloves of strength
Magical Staves
 g - a staff of conjuration
 z - a staff of fire
 M - a staff of air
 W - the staff "Keroceg" (weapon) {rElec rF- rC+ Dex+2 Earth}
   (You found it in the Desolation of Salt)

   [staff of earth]

   Base accuracy: +5 Base damage: 5 Base attack delay: 1.2 This weapon's minimum
   attack delay (0.6) is reached at skill level 12.
   Dex+2:     It affects your dexterity (+2).
   rF-:       It makes you vulnerable to fire.
   rC+:       It protects you from cold.
   rElec:     It insulates you from electricity.
   Earth:     It increases the power of your Earth spells.
   It falls into the 'Staves' category.
   It is a one-handed weapon.
Jewellery
 a - the ring of Qarag (right hand) {Will+ Str-4 Int+6 Dex+6 Stlth+}
   (You acquired it on level 7 of the Dungeon)

   [ring of dexterity]

   Str-4:     It affects your strength (-4).
   Int+6:     It affects your intelligence (+6).
   Dex+6:     It affects your dexterity (+6).
   Will+:     It increases your willpower.
   Stlth+:    It makes you more stealthy.
 c - a +6 ring of intelligence
 f - the ring "Saewim" {+Blink Dex+6}
   (You found it in the Desolation of Salt)

   [ring of dexterity]

   Dex+6:     It affects your dexterity (+6).
   +Blink:    It lets you blink.
 C - the ring of Wauwoezosh {Fly rCorr Str+3}
   (You found it in the Desolation of Salt)

   [ring of flight]

   Str+3:     It affects your strength (+3).
   Fly:       It grants you flight.
   rCorr:     It protects you from acid and corrosion.
 I - an amulet of regeneration (around neck)
 L - the ring "Nosti" {Wiz rN+ Int+4}
   (You took it off a servant of whispers in the Desolation of Salt)

   [ring of wizardry]

   Wiz:       It improves your spell success rate.
   Int+4:     It affects your intelligence (+4).
   rN+:       It protects you from negative energy.
 P - the ring of Deerir (left hand) {rN+ Will+ Str+6}
   (You found it on level 2 of the Snake Pit)

   [ring of strength]

   Str+6:     It affects your strength (+6).
   rN+:       It protects you from negative energy.
   Will+:     It increases your willpower.
 Z - the amulet "Nonnej Wucy" {Acrobat -Tele rPois Str+5 SInv}
   (You took it off a servant of whispers in the Desolation of Salt)

   [amulet of the acrobat]

   Acrobat:   It increases your evasion while moving and waiting.
   Str+5:     It affects your strength (+5).
   rPois:     It protects you from poison.
   SInv:      It lets you see invisible.
   -Tele:     It prevents most forms of teleportation.
Wands
 h - a wand of quicksilver (11)
 r - a wand of iceblast (44)
 s - a wand of flame (41)
 t - a wand of paralysis (41)
 D - a wand of polymorph (30)
 E - a wand of digging (9)
 F - a wand of mindburst (18)
Scrolls
 i - 3 scrolls of revelation
 m - 17 scrolls of teleportation
 p - a scroll of brand weapon
 x - 2 scrolls of enchant weapon
 A - a scroll of identify
Potions
 b - 5 potions of resistance
 d - 2 potions of invisibility
 e - a potion of mutation
 l - 28 potions of curing
 o - 4 potions of heal wounds
 H - 6 potions of cancellation
 O - 3 potions of brilliance
 S - 4 potions of haste
Miscellaneous
 v - a condenser vane
 y - a phial of floods


   Skills:
 - Level 19.2 Fighting
 - Level 6.1 Armour
 - Level 14.0 Dodging
 - Level 1.5 Stealth
 - Level 14.3 Shields
 O Level 27 Spellcasting
 + Level 24.8 Conjurations
 + Level 24.8 Hexes
   Level 0.0 Charms
 + Level 24.8 Summonings
 + Level 24.8 Necromancy
 + Level 24.8 Translocations
   Level 0.0 Transmutations
 + Level 24.8 Fire Magic
 + Level 24.8 Ice Magic
 + Level 24.8 Air Magic
 + Level 24.8 Earth Magic
 + Level 24.8 Alchemy


You knew the following spells:

 Your Spells              Type           Power      Damage    Failure   Level
a - Magic Dart            Conj           100%       1d8       0%          1
b - Searing Ray           Conj           100%       2d8       0%          2
c - Fulminant Prism       Conj/Alch      64%        3d26      0%          4
d - Iskenderun's Mystic   Conj/Tloc      100%       2d19      0%          4
e - Sting                 Conj/Alch      100%       1d9       0%          1
f - Static Discharge      Conj/Air       100%       3-8/arc   0%          2
g - Ensorcelled Hibernat  Hex/Ice        100%       N/A       0%          2
h - Vampiric Draining     Necr           100%       2d13      0%          3
i - Metabolic Englaciati  Hex/Ice        64%        N/A       0%          5
j - Summon Mana Viper     Hex/Summ       100%       N/A       0%          5
k - Plasma Beam           Fire/Air       64%        2x1d80    1%          6
l - Starburst             Conj/Fire      64%        6d17      1%          6
m - Summon Hydra          Summ           64%        N/A       1%          7
n - Summon Horrible Thin  Summ           64%        N/A       1%          8
o - Maxwell's Capacitive  Air            64%        ∞         1%          8
Your spell library was empty.

Dungeon Overview and Level Annotations

Branches:
Dungeon (15/15)            Temple (1/1) D:4            Lair (5/5) D:8
  Swamp (4/4) Lair:2        Snake (4/4) Lair:2        Slime (0/5) Lair:5
    Orc (2/2) D:9             Elf (3/3) Orc:2        Vaults (5/5) D:14
  Crypt (0/3) Vaults:2     Depths (0/4) D:15        Desolation (visited)
Gauntlet (visited)

Altars:
Ashenzari
Cheibriados
Dithmenos
Elyvilon
Fedhas
Gozag
Hepliaklqana
Makhleb
Nemelex Xobeh
Okawaru
Qazlal
Ru
Trog
Uskayaw
Wu Jian
Xom
Yredelemnul
Zin
The Shining One
Beogh

Shops:
D:9 !   D:13 !   Orc:2 ![=*   Snake:1 :=:   Snake:4 ?[[(   Vaults:1 (

Portals:
Trove: D:10 (show abyssal rune of Zot)

Annotations:
D:3 1 runed translucent door, Crazy Yiuf
Swamp:1 1 runed translucent door, contendunt's ghost, adept MiFi
Swamp:3 exclusion: 2 oklob plants


Innate Abilities, Weirdness & Mutations

You are immune to sickness and miasma.
You are immune to poison.
Your flesh is very heat resistant. (rF++)
You are vulnerable to cold. (rC-)
You float through the air rather than walking.
You learn spells naturally, not from books.
Your magical power is your life essence.
You have superior vitality. (+4 MHP)


Message History

You feel better.
The bolt of fire hits the ancient lich!!
The ancient lich resists.
The ancient lich is severely damaged.
The bolt of fire hits the storm dragon!!!!
You kill the storm dragon!
Makhleb accepts your kill.
You feel better.
* * * LOW HITPOINT WARNING * * *
The yaktaur captain wields a +0 arbalest.
The yaktaur captain shoots a bolt.
Unknown command.
Unknown command.
Unknown command.
Unknown command.
Unknown command.
Unknown command.
Unknown command.
Unknown command.
Unknown command.
Unknown command.
Unknown command.
Unknown command.
Unknown command.
Unknown command.
Casting: Starburst (safe; 1% risk of failure)
Confirm with . or Enter, or press ? or * to list all spells.
You erupt in a blast of force!
The mystic blast hits the ancient lich!
The ancient lich is almost destroyed.
The ancient lich is knocked back by the mystic blast.
The ancient lich slams into the heavily etched metal wall!
The ancient lich is almost destroyed.
The mystic blast hits something!!
* * * LOW HITPOINT WARNING * * *
You hear a shout!
The yaktaur captain shoots a bolt.
The bolt hits you!!!
* * * LOW HITPOINT WARNING * * *
The ancient lich gestures at you while chanting.
The crystal spear hits you!!!!
You die...

##############################
..............L.c.C))........)
........)..).@.).)))).§...{)..
..#######################.....
).... .#... ##... .. ).


You could see an ancient lich (fast), a fire giant and a yaktaur captain.

Vanquished Creatures
  2 dread liches (Vaults:5)
  An ancient lich (Vaults:5)
  Mara (Snake:3)
  Sojobo (Vaults:4)
  Bai Suzhen (Snake:4)
  Vashnia (Snake:2)
  Norris (Vaults:1)
  Jory (Vaults:4)
  Jorgrun (Elf:1)
  Zenata (Vaults:4)
  Mlioglotl (Swamp:3)
  4 deep elf blademasters (Elf:3)
  2 liches
  2 acid blobs (Lair:5)
  Asterion (Elf:3)
  6 deep elf master archers (Elf:3)
  Agnes (Snake:3)
  6 thorn hunters
  4 tengu reavers
  2 storm dragons (Vaults:5)
  Aizul (Snake:3)
  2 fenstrider witches (Swamp:2)
  Roxanne (Snake:1)
  4 nagarajas
  A fire giant (D:15)
  5 deep elf sorcerers
  17 vault wardens
  Louise (Swamp:1)
  5 deep elf elementalists
  An imperial myrmidon (Desolation)
  17 ironbound preservers
  2 formless jellyfish
  3 orc warlords
  An ironbound thunderhulk (Vaults:3)
  2 deep elf death magi
  A bunyip (Swamp:3)
  4 eleionomae
  4 halazid warlocks (Desolation)
  Nessos (D:15)
  4 deep elf demonologists
  A minotaur (Gauntlet)
  4 war gargoyles
  4 deep elf annihilators
  3 dire elephants (Vaults:1)
  Azrael (Elf:1)
  An eidolon (Vaults:2)
  4 deep elf high priests
  A crystal guardian (Desolation)
  4 ragged hierophants
  9 yaktaur captains
  5 entropy weavers
  5 great orbs of eyes
  11 peacekeepers
  4 shambling mangroves
  8 servants of whispers (Desolation)
  An ice dragon (Lair:5)
  21 vault guards
  2 ghost crabs
  22 hydras
  6 salamander tyrants
  21 ironbound frosthearts
  4 catoblepae
  4 centaur warriors
  8 boulder beetles
  2 ogre magi
  10 alligators
  9 two-headed ogres
  27 dancing weapons
  14 anacondas
  13 death yaks
  A death knight (D:11)
  A sphinx skeleton (Vaults:4)
  A vampire mage (Vaults:2)
  A deep troll earth mage (D:15)
  A death scarab (Gauntlet)
  A hell hog (Gauntlet)
  11 naga sharpshooters
  An occultist (D:15)
  10 shock serpents
  6 orc high priests (Orc:2)
  3 spriggan berserkers
  A tengu warrior (D:15)
  14 naga warriors
  18 deep elf knights
  Sonja (Lair:5)
  4 skysharks
  5 goliath frogs
  3 skeletal warriors
  An orb spider (shapeshifter) (Vaults:5)
  9 salamander mystics
  15 swamp dragons
  A spectral hydra (Gauntlet)
  24 deep trolls
  5 naga ritualists
  A tengu zombie (Vaults:4)
  2 spriggan druids
  A bog body (Swamp:4)
  6 mana vipers
  Pikel (D:5)
  2 phantasmal warriors
  6 arcanists
  8 lindwurms
  9 deep elf archers
  16 ironbound convokers
  9 orc knights
  23 deep elf pyromancers
  2 necromancers
  A harpy (Vaults:3)
  8 thermic dynamos (Elf:3)
  23 deep elf zephyrmancers
  13 ugly things
  10 cyclopes
  34 salamanders
  6 orc sorcerers
  6 manticores
  3 will-o-the-wisps
  9 elephants (Lair:5)
  A frost giant skeleton (Vaults:2)
  5 kobold blastminers (Orc:2)
  18 vault sentinels
  Joseph (D:7)
  An ice statue (D:8)
  6 torpor snails
  A black mamba (shapeshifter) (D:11)
  35 black mambas
  11 guardian serpents
  18 naga magi
  A torpor snail (shapeshifter) (Vaults:5)
  5 cane toads
  A smoke demon (Gauntlet)
  A molten gargoyle (Desolation)
  Maggie (D:7)
  A gargoyle (D:12)
  Jeremiah (D:7)
  An unseen horror (shapeshifter) (Elf:1)
  5 rime drakes
  7 komodo dragons
  A hellion (Gauntlet)
  25 yaktaurs
  7 ice devils (D:8)
  3 tengu conjurers (D:14)
  9 trolls
  4 polar bears
  3 bloated husks
  26 hornets
  9 tyrant leeches
  Prince Ribbit (D:5)
  A tarantella (Vaults:1)
  Grinder (D:6)
  2 dream sheep (Lair:5)
  39 saltlings
  A raiju (Gauntlet)
  18 blink frogs
  4 shadows
  An air elemental (Elf:3)
  A vampire (D:11)
  Sigmund (D:3)
  An elf simulacrum (Vaults:2)
  A culicivora (Vaults:3)
  24 slime creatures
  A water elemental (Elf:2)
  2 wraiths
  7 spriggans
  Grum (D:9)
  4 fire bats (Gauntlet)
  Eustachio (D:4)
  5 wargs
  6 wyverns
  53 yaks
  4 basilisks
  5 fire elementals
  9 redbacks
  A human simulacrum (Vaults:4)
  2 steam dragons
  22 vampire mosquitoes
  18 swamp worms
  A yaktaur simulacrum (Vaults:2)
  34 nagas
  2 acid dragons
  Duvessa (D:7)
  4 hell hounds
  15 water moccasins
  45 orc warriors
  A black bear (D:5)
  2 ice beasts
  8 swamp drakes
  A laughing skull (D:15)
  A sky beast (D:7)
  15 ogres
  7 boggarts
  A phantom (D:4)
  2 wolves (D:9)
  11 centaurs
  A kobold brigand (D:10)
  11 bullfrogs
  3 earth elementals
  A gnoll sergeant (D:9)
  2 scorpions
  5 wights (D:7)
  Dowan (D:7)
  28 killer bees
  An electric eel (Lair:2)
  3 howler monkeys
  5 hounds
  29 orc priests
  2 bombardier beetles (D:5)
  A jelly (D:7)
  A gnoll bouda (D:8)
  2 sleepcaps
  Ijyb (D:4)
  2 iguanas (D:5)
  29 orc wizards
  Robin (D:2)
  10 adders
  5 gnolls (D:8)
  A river rat (D:3)
  A shadow imp (D:6)
  A white imp (D:6)
  9 ufetubi
  3 dart slugs
  A ribbon worm (D:3)
  122 orcs
  3 bats
  9 endoplasms
  4 giant cockroaches
  16 goblins
  5 hobgoblins
  9 quokkas
  3 ball pythons
  4 frilled lizards
  4 kobolds
  4 rats
  3 fulminant prisms
1625 creatures vanquished.

Vanquished Creatures (collateral kills)
  2 unseen horrors
  A shadow (D:13)
3 creatures vanquished.

Vanquished Creatures (others)
  2 foxfires (Swamp:2)
  94 fulminant prisms
96 creatures vanquished.

Grand Total: 1724 creatures vanquished

Notes
Turn   | Place    | Note
-------+----------+-------------------------------------------
     0 | D:1      | shadizar the Djinni Conjurer began the quest for the Orb.
     0 | D:1      | shadizar set off with the following spells memorised: Magic
                  | Dart, Searing Ray, Fulminant Prism, Iskenderun's Mystic
                  | Blast.
     0 | D:1      | Reached XP level 1. HP: 15/15 MP: 0/0
   263 | D:1      | Reached XP level 2. HP: 16/21 MP: 0/0
   461 | D:1      | Reached skill level 4 in Spellcasting
   746 | D:2      | Reached XP level 3. HP: 24/25 MP: 0/0
   746 | D:2      | Learned a level 1 spell: Sting
   863 | D:2      | Noticed Robin
   869 | D:2      | Killed Robin
   870 | D:2      | Reached XP level 4. HP: 6/31 MP: 0/0
  1065 | D:2      | Found a glowing silver altar of Zin.
  1336 | D:3      | Reached XP level 5. HP: 9/35 MP: 0/0
  1336 | D:3      | Learned a level 2 spell: Static Discharge
  1337 | D:3      | Reached skill level 5 in Spellcasting
  1337 | D:3      | Reached skill level 5 in Conjurations
  1337 | D:3      | Reached skill level 5 in Hexes
  1337 | D:3      | Reached skill level 5 in Summonings
  1337 | D:3      | Reached skill level 5 in Necromancy
  1337 | D:3      | Reached skill level 5 in Translocations
  1337 | D:3      | Reached skill level 5 in Fire Magic
  1337 | D:3      | Reached skill level 5 in Ice Magic
  1337 | D:3      | Reached skill level 5 in Air Magic
  1337 | D:3      | Reached skill level 5 in Earth Magic
  1337 | D:3      | Reached skill level 5 in Alchemy
  1766 | D:3      | Found a glowing silver altar of Zin.
  2332 | D:3      | Noticed Sigmund
  2340 | D:3      | Killed Sigmund
  2341 | D:3      | Reached skill level 6 in Spellcasting
  2341 | D:3      | Reached XP level 6. HP: 16/40 MP: 0/0
  2451 | D:3      | Found a runed translucent door.
  2452 | D:3      | Noticed Crazy Yiuf
  2763 | D:4      | Identified the +6 long sword "Vampit" {flame, rPois}
  2926 | D:4      | Found a staircase to the Ecumenical Temple.
  2938 | D:4      | Reached XP level 7. HP: 39/45 MP: 0/0
  2938 | D:4      | Learned a level 2 spell: Ensorcelled Hibernation
  2976 | Temple   | Entered the Ecumenical Temple
  2985 | Temple   | Became a worshipper of Makhleb the Destroyer
  3044 | D:4      | Noticed Eustachio
  3051 | D:4      | Killed Eustachio
  3489 | D:4      | Noticed Ijyb
  3493 | D:4      | Killed Ijyb
  3494 | D:4      | Reached skill level 7 in Spellcasting
  4010 | D:5      | Entered Level 5 of the Dungeon
  4010 | D:5      | Noticed Prince Ribbit
  4018 | D:5      | Killed Prince Ribbit
  4019 | D:5      | Reached XP level 8. HP: 37/50 MP: 0/0
  4334 | D:5      | Reached skill level 8 in Spellcasting
  4392 | D:5      | Reached * piety under Makhleb
  4451 | D:5      | Noticed Pikel
  4524 | D:5      | Killed Pikel
  4525 | D:5      | Reached skill level 9 in Spellcasting
  4525 | D:5      | Reached XP level 9. HP: 34/55 MP: 0/0
  4525 | D:5      | Learned a level 3 spell: Vampiric Draining
  4842 | D:5      | Reached skill level 10 in Spellcasting
  5396 | D:6      | Reached skill level 10 in Conjurations
  5396 | D:6      | Reached skill level 10 in Hexes
  5396 | D:6      | Reached skill level 10 in Summonings
  5396 | D:6      | Reached skill level 10 in Necromancy
  5396 | D:6      | Reached skill level 10 in Translocations
  5396 | D:6      | Reached skill level 10 in Fire Magic
  5396 | D:6      | Reached skill level 10 in Ice Magic
  5396 | D:6      | Reached skill level 10 in Air Magic
  5396 | D:6      | Reached skill level 10 in Earth Magic
  5396 | D:6      | Reached skill level 10 in Alchemy
  5501 | D:6      | Reached skill level 1 in Fighting
  5848 | D:6      | Noticed Grinder
  5854 | D:6      | Killed Grinder
  6018 | D:6      | Identified the +1 morningstar of the Unbearable God {speed,
                  | rCorr Int+2}
  6471 | D:7      | Found an iron altar of Okawaru.
  6483 | D:7      | Reached XP level 10. HP: 61/67 MP: 0/0
  6530 | D:7      | Reached ** piety under Makhleb
  6541 | D:7      | Reached skill level 5 in Dodging
  6546 | D:7      | Noticed Duvessa
  6547 | D:7      | Noticed Dowan
  6554 | D:7      | Killed Duvessa
  6554 | D:7      | Killed Dowan
  6735 | D:7      | Noticed Jeremiah
  6742 | D:7      | Killed Jeremiah
  6743 | D:7      | Reached skill level 5 in Fighting
  6750 | D:7      | Noticed Maggie
  6753 | D:7      | Noticed Joseph
  7056 | D:7      | Killed Maggie
  7242 | D:7      | Killed Joseph
  7665 | D:7      | Identified a scroll of acquirement
  7665 | D:7      | Acquired the ring of Qarag {Will+ Str-4 Int+6 Dex+6 Stlth+}
  7774 | D:8      | Found a staircase to the Lair.
  7785 | D:8      | Noticed an ice devil
  7787 | D:8      | Noticed an ice devil
  7787 | D:8      | Noticed an ice devil
  7787 | D:8      | Noticed an ice devil
  7787 | D:8      | Noticed an ice devil
  7792 | D:8      | Noticed an ice devil
  7796 | D:8      | Noticed an ice devil
  7798 | D:8      | Reached *** piety under Makhleb
  7798 | D:8      | Killed an ice devil
  7799 | D:8      | Reached XP level 11. HP: 79/79 MP: 0/0
  7799 | D:8      | Learned a level 5 spell: Metabolic Englaciation
  7804 | D:8      | Noticed a cyclops
  7812 | D:8      | Killed a cyclops
  8472 | D:8      | Found a hide-covered altar of Uskayaw.
  8481 | D:8      | Found a white marble altar of Elyvilon.
  8651 | D:9      | Found a staircase to the Orcish Mines.
  8659 | D:9      | Reached skill level 10 in Dodging
  8725 | D:9      | Reached skill level 1 in Shields
  8938 | D:9      | Reached **** piety under Makhleb
  8979 | D:9      | Found a bloodstained altar of Trog.
  9009 | D:9      | Found Bufoulop's Distillery.
  9078 | D:9      | Found a glowing golden altar of the Shining One.
  9107 | D:9      | Found a hazy altar of Hepliaklqana.
  9252 | D:9      | Reached skill level 11 in Spellcasting
  9333 | D:9      | Noticed Grum
  9338 | D:9      | Killed Grum
  9339 | D:9      | Reached XP level 12. HP: 84/89 MP: 0/0
  9642 | Lair:1   | Entered Level 1 of the Lair of Beasts
  9664 | Lair:1   | Reached skill level 5 in Shields
  9871 | Lair:1   | Noticed a boulder beetle
 10074 | Lair:1   | Killed a boulder beetle
 10246 | Lair:2   | Noticed a death yak
 10247 | Lair:2   | Noticed a death yak
 10247 | Lair:2   | Noticed a death yak
 10247 | Lair:2   | Noticed a death yak
 10249 | Lair:2   | Noticed a death yak
 10258 | Lair:2   | Killed a death yak
 10258 | Lair:2   | Killed a death yak
 10259 | Lair:2   | Reached skill level 12 in Spellcasting
 10259 | Lair:2   | Killed a death yak
 10264 | Lair:2   | Killed a death yak
 10264 | Lair:2   | Reached ***** piety under Makhleb
 10274 | Lair:2   | Killed a death yak
 10278 | Lair:2   | Found a staircase to the Swamp.
 10315 | Lair:2   | Noticed a boulder beetle
 10324 | Lair:2   | Killed a boulder beetle
 10325 | Lair:2   | Reached XP level 13. HP: 87/94 MP: 0/0
 10325 | Lair:2   | Learned a level 5 spell: Summon Mana Viper
 10343 | Lair:2   | Found an ornate altar of the Wu Jian Council.
 10343 | Lair:2   | Found a hide-covered altar of Uskayaw.
 10371 | Lair:2   | Reached skill level 13 in Spellcasting
 10455 | Lair:2   | Found a staircase to the Snake Pit.
 10566 | Lair:2   | Noticed a catoblepas
 10584 | Lair:2   | Killed a catoblepas
 11065 | Lair:3   | Noticed a four-headed hydra
 11073 | Lair:3   | Killed a four-headed hydra
 11074 | Lair:3   | Reached skill level 1 in Armour
 11183 | Lair:3   | Reached skill level 10 in Shields
 11371 | Lair:3   | Reached skill level 14 in Spellcasting
 11873 | Lair:4   | Noticed a seven-headed hydra
 11880 | Lair:4   | Killed a seven-headed hydra
 12096 | Lair:4   | Noticed a five-headed hydra
 12106 | Lair:4   | Killed a five-headed hydra
 12278 | Lair:4   | Reached skill level 10 in Fighting
 12660 | Lair:5   | Entered Level 5 of the Lair of Beasts
 12660 | Lair:5   | Noticed an eight-headed hydra
 12667 | Lair:5   | Killed an eight-headed hydra
 12668 | Lair:5   | Reached skill level 15 in Spellcasting
 12668 | Lair:5   | Reached XP level 14. HP: 103/103 MP: 0/0
 12897 | Lair:5   | Found a runed translucent door.
 12899 | Lair:5   | Noticed an acid blob
 12899 | Lair:5   | Noticed an acid blob
 12916 | Lair:5   | Noticed Sonja
 12919 | Lair:5   | Killed Sonja
 12920 | Lair:5   | Reached skill level 16 in Spellcasting
 13076 | Lair:5   | Reached skill level 17 in Spellcasting
 13315 | Lair:5   | Reached skill level 18 in Spellcasting
 13468 | Lair:5   | Reached ****** piety under Makhleb
 13713 | Lair:5   | Reached XP level 15. HP: 95/107 MP: 0/0
 13713 | Lair:5   | Learned a level 6 spell: Plasma Beam
 14054 | Lair:5   | Found a staircase to the Slime Pits.
 14486 | D:10     | Entered Level 10 of the Dungeon
 14488 | D:10     | Reached skill level 15 in Conjurations
 14488 | D:10     | Reached skill level 15 in Hexes
 14488 | D:10     | Reached skill level 15 in Summonings
 14488 | D:10     | Reached skill level 15 in Necromancy
 14488 | D:10     | Reached skill level 15 in Translocations
 14488 | D:10     | Reached skill level 15 in Fire Magic
 14488 | D:10     | Reached skill level 15 in Ice Magic
 14488 | D:10     | Reached skill level 15 in Air Magic
 14488 | D:10     | Reached skill level 15 in Earth Magic
 14488 | D:10     | Reached skill level 15 in Alchemy
 14693 | D:10     | Found a portal to a secret trove of treasure.
 15031 | Orc:1    | Entered Level 1 of the Orcish Mines
 15052 | Orc:1    | Reached skill level 5 in Armour
 15110 | Orc:1    | Found a roughly hewn altar of Beogh.
 15344 | Orc:2    | Entered Level 2 of the Orcish Mines
 15617 | Orc:2    | Reached skill level 19 in Spellcasting
 15642 | Orc:2    | Noticed an orc warlord
 15645 | Orc:2    | Killed an orc warlord
 15777 | Orc:2    | Found a roughly hewn altar of Beogh.
 15807 | Orc:2    | Found Hiklug's Distillery.
 15854 | Orc:2    | Found Bokh's Armour Emporium.
 16369 | Orc:2    | Found a roughly hewn altar of Beogh.
 16370 | Orc:2    | Found Xyweites's Assorted Antiques.
 16497 | Orc:2    | Found Mesk's Jewellery Shop.
 16781 | Orc:2    | Found a staircase to the Elven Halls.
 17008 | D:11     | Reached XP level 16. HP: 103/116 MP: 0/0
 17551 | D:12     | You are sucked into a shaft and drop 2 floors!
 17844 | D:14     | Reached skill level 20 in Spellcasting
 17867 | D:14     | Found a gate to the Vaults.
 18277 | D:13     | Found Filayth's Distillery.
 18296 | D:13     | Identified the +0 leather armour of the Loofah {^Contam
                  | Regen+ Dex+4}
 19337 | Snake:1  | Entered Level 1 of the Snake Pit
 19533 | Swamp:1  | Entered Level 1 of the Swamp
 19543 | Swamp:1  | Noticed Louise
 19547 | Swamp:1  | Killed Louise
 19606 | Swamp:1  | Found a runed translucent door.
 19608 | Swamp:1  | Noticed a tentacled monstrosity
 19617 | Swamp:1  | Noticed contendunt's ghost (adept MiFi)
 19767 | Swamp:1  | Reached XP level 17. HP: 108/123 MP: 0/0
 19767 | Swamp:1  | Learned a level 6 spell: Starburst
 20491 | Swamp:2  | Reached skill level 21 in Spellcasting
 20746 | Swamp:3  | Identified the +1 hand axe of Past Mistakes {freeze, *Rage
                  | rPois rC++ Int+3}
 20760 | Swamp:3  | Identified the +7 broad axe of the Sage {venom, rC+ Int+2
                  | Dex+3 SInv}
 20779 | Swamp:3  | Noticed a thorn hunter
 20783 | Swamp:3  | Killed a thorn hunter
 20820 | Swamp:3  | Noticed a thorn hunter
 20825 | Swamp:3  | Killed a thorn hunter
 20864 | Swamp:3  | Noticed a thorn hunter
 20867 | Swamp:3  | Killed a thorn hunter
 21008 | Swamp:3  | Noticed a thorn hunter
 21020 | Swamp:3  | Killed a thorn hunter
 21152 | Swamp:3  | Noticed Mlioglotl
 21163 | Swamp:3  | Killed Mlioglotl
 21374 | Swamp:4  | Entered Level 4 of the Swamp
 21374 | Swamp:4  | Found the +15 Maxwell's patent armour {-Cast -Tele rElec
                  | Will+ rCorr}
 21484 | Swamp:4  | Reached skill level 22 in Spellcasting
 21583 | Swamp:4  | Reached XP level 18. HP: 130/130 MP: 0/0
 21624 | Swamp:4  | Got a decaying rune of Zot
 21800 | Swamp:4  | Identified the +5 war axe of a Thousand Wonders {vamp,
                  | rPois Dex+4 SInv Stlth-}
 22309 | Elf:1    | Entered Level 1 of the Elven Halls
 22500 | Elf:1    | Noticed Azrael
 22505 | Elf:1    | Killed Azrael
 22636 | Elf:1    | Noticed Jorgrun
 22641 | Elf:1    | Killed Jorgrun
 23438 | Elf:2    | Found a flickering gateway to a bazaar.
 23462 | Elf:2    | Reached skill level 23 in Spellcasting
 23990 | Snake:1  | Noticed Roxanne
 24003 | Snake:1  | Killed Roxanne
 24296 | Snake:1  | Found Fyutsix's Book Boutique.
 24296 | Snake:1  | Found Qucseseha's Jewellery Emporium.
 24316 | Snake:1  | Found Loviunow's Book Boutique.
 24545 | Snake:2  | Reached XP level 19. HP: 139/139 MP: 0/0
 24545 | Snake:2  | Learned a level 7 spell: Summon Hydra
 24553 | Snake:2  | Reached skill level 24 in Spellcasting
 24608 | Snake:2  | Noticed Vashnia
 24615 | Snake:2  | Killed Vashnia
 25257 | Snake:2  | Found an opulent altar of Gozag.
 25314 | Snake:2  | Identified the ring of Deerir {rN+ Will+ Str+6}
 25721 | Snake:3  | Noticed Mara
 25732 | Snake:3  | Killed Mara
 25873 | Snake:3  | Reached skill level 25 in Spellcasting
 26177 | Snake:3  | Identified the serpent talisman "Mijicw" {rCorr MP+9 Str+2
                  | Dex-4}
 26177 | Snake:3  | Noticed Aizul
 26180 | Snake:3  | Killed Aizul
 26377 | Snake:3  | Noticed Agnes
 26379 | Snake:3  | Killed Agnes
 26681 | Snake:4  | Entered Level 4 of the Snake Pit
 26696 | Snake:4  | Reached XP level 20. HP: 133/148 MP: 0/0
 26829 | Snake:4  | Noticed Bai Suzhen
 26836 | Snake:4  | Killed Bai Suzhen
 27013 | Snake:4  | Reached skill level 15 in Fighting
 27181 | Snake:4  | Found Ashy's Magic Scroll Emporium.
 27182 | Snake:4  | Found Fahirphurph's Antique Armour Shoppe.
 27182 | Snake:4  | Found Quetiggy's Antique Armour Emporium.
 27185 | Snake:4  | Found Uwok's Weapon Shoppe.
 27191 | Snake:4  | Identified the +1 leather armour "Fenla" {Int+3}
 27203 | Snake:4  | Bought a pair of embroidered gloves for 300 gold pieces
 27203 | Snake:4  | Bought a pair of runed gloves for 300 gold pieces
 27283 | Snake:4  | Reached skill level 26 in Spellcasting
 27954 | Snake:4  | Got a serpentine rune of Zot
 28730 | Vaults:1 | Entered Level 1 of the Vaults
 29231 | Vaults:1 | Noticed Norris
 29237 | Vaults:1 | Killed Norris
 29238 | Vaults:1 | Reached skill level 27 in Spellcasting
 29285 | Vaults:1 | Found Seuleos's Weapon Emporium.
 29578 | Vaults:1 | Reached XP level 21. HP: 153/157 MP: 0/0
 29578 | Vaults:1 | Learned a level 8 spell: Summon Horrible Things
 30709 | Vaults:2 | Found a staircase to the Crypt.
 30947 | Vaults:2 | Identified the +0 robe of Cyqys {Rampage}
 30989 | Vaults:2 | Identified the +1 robe of Gozag's Favour {Dex+4 Archmagi}
 31308 | Vaults:3 | Found a crumbling gateway.
 31313 | Desolati | Entered the Desolation of Salt
 31346 | Desolati | Reached XP level 22. HP: 163/168 MP: 0/0
 31353 | Desolati | Identified the amulet "Nonnej Wucy" {Acrobat -Tele rPois
                  | Str+5 SInv}
 31461 | Desolati | Identified the +12 morningstar of Qep Nat {freeze, rPois
                  | Will- Str-2 Dex+6}
 31462 | Desolati | Identified the ring of Wauwoezosh {Fly rCorr Str+3}
 31574 | Desolati | Identified the ring "Nosti" {Wiz rN+ Int+4}
 31620 | Desolati | Identified the +0 leather armour "Peper" {rN+ MP+9 Int+3}
 31622 | Desolati | Identified the ring "Saewim" {+Blink Dex+6}
 31624 | Desolati | Identified the +1 mace "Vihexeo" {venom, rPois rN+ Stlth-}
 31627 | Desolati | Identified the +0 pair of gloves of Evolution {Rampage rF+
                  | rN++ Str-3}
 31796 | Desolati | Identified the staff "Keroceg" {rElec rF- rC+ Dex+2 Earth}
 33207 | Vaults:4 | Noticed Sojobo
 33220 | Vaults:4 | Killed Sojobo
 33561 | Vaults:4 | Noticed Zenata
 33567 | Vaults:4 | Killed Zenata
 33570 | Vaults:4 | Reached XP level 23. HP: 118/178 MP: 0/0
 33570 | Vaults:4 | Learned a level 8 spell: Maxwell's Capacitive Coupling
 33646 | Vaults:4 | Noticed Jory
 33656 | Vaults:4 | Killed Jory
 33662 | Vaults:4 | Identified the +1 leather armour of Bahaot {rN+ Str+2}
 34759 | Elf:2    | Found a runed translucent gate.
 34760 | Elf:2    | Found a runed translucent gate.
 34760 | Elf:2    | Found a runed translucent gate.
 35207 | Elf:3    | Entered Level 3 of the Elven Halls
 35346 | Elf:3    | Noticed Asterion
 35348 | Elf:3    | Killed Asterion
 35926 | Elf:3    | Identified the ring of Rompiat {rPois MP+9 EV+5}
 36071 | Elf:3    | Identified the +6 flail of Faimajah {heavy, rPois Str+3
                  | Int-2}
 36137 | Elf:3    | Identified the +2 falchion of Gravity {pain, Will+ Str+3}
 36190 | Elf:3    | Identified the +7 tower shield of the Hidden Geomancers
                  | {-Cast Slay+5}
 36795 | D:15     | Entered Level 15 of the Dungeon
 36828 | D:15     | Found a gate leading to a gauntlet.
 36829 | D:15     | Noticed Nessos
 36958 | D:15     | Killed Nessos
 36959 | D:15     | Reached XP level 24. HP: 175/184 MP: 0/0
 36979 | Gauntlet | Entered a Gauntlet
 36979 | Gauntlet | Found a transporter.
 36989 | Gauntlet | Found a transporter.
 36989 | Gauntlet | Found a transporter.
 36995 | Gauntlet | Found a transporter.
 36995 | Gauntlet | Found a runed translucent door.
 37003 | Gauntlet | Found a transporter.
 37007 | Gauntlet | Found a transporter.
 37013 | Gauntlet | Found a transporter.
 37024 | Gauntlet | Found a transporter.
 37025 | Gauntlet | Found a transporter.
 37031 | Gauntlet | Found a transporter.
 37042 | Gauntlet | Found a transporter.
 37043 | Gauntlet | Found a transporter.
 37049 | Gauntlet | Found a transporter.
 37057 | Gauntlet | Found a transporter.
 37501 | D:15     | Found a staircase to the Depths.
 37968 | Vaults:5 | Entered Level 5 of the Vaults
 37969 | Vaults:5 | Noticed an ancient lich
 37994 | Vaults:5 | Noticed a dread lich
 38002 | Vaults:5 | Noticed an ancient lich
 38021 | Vaults:5 | Killed a dread lich
 38026 | Vaults:5 | Killed an ancient lich
 38038 | Vaults:5 | Noticed a dread lich
 38045 | Vaults:5 | Killed a dread lich
 38058 | Vaults:5 | HP: 7/184 [yaktaur captain/bolt (38)]
 38058 | Vaults:5 | Killed from afar by an ancient lich

Illustrated notes

Levels and vault maps discovered:
D:1:      nagdon_arrival_double_spiral, layout_loops_ring
D:2:      layout_basic, basic_altar, uniq_robin
D:3:      layout_basic, zin_statuary, gup_sewer_entry_spiral, st_stairs_5,
          kennysheep_generic_room_13, uniq_crazy_yiuf_cottage, uniq_sigmund
D:4:      kennysheep_the_goblin_king, layout_basic,
          minmay_temple_entry_large_hall, uniq_eustachio
D:5:      layout_loops_ring, minmay_manual_moon, uniq_pikel, uniq_prince_ribbit1
D:6:      layout_gridville, uniq_grinder
D:7:      layout_rooms, mainiacjoe_overflow_six_doors_small, uniq_duvessa,
          uniq_joseph, uniq_jeremiah, uniq_maggie
D:8:      cheibrodos_frozen_isle, layout_basic, mainiacjoe_overflow_swirl,
          lair_entry_dummy
D:9:      layout_roguey, jmf_multi_god_temple2, mainiacjoe_overflow_catwalk,
          david_orc_3, minmay_shop_grid_forest, uniq_grum
D:10:     layout_rooms, enter_trove_1, hive_lemuel
D:11:     layout_gridville
D:12:     layout_roguey
D:13:     layout_loops_cross, serial_shops, shop
D:14:     layout_basic, hellmonk_vaults_order_and_chaos, special_room
          [special_room_orc], chequers_serial_rivers_micro_e
D:15:     hellmonk_depths_entry_around_the_bend, layout_cave_pools,
          gauntlet_entry_generic, chequers_arboretum, uniq_nessos
Temple:   hellmonk_temple_of_storms
Lair:1:   layout_hall_layers
Lair:2:   layout_regular_city, swamp_mist_pool, nicolae_snake_entry_squirm,
          nzn_masters_of_martial_movement
Lair:3:   layout_cave_pods, infiniplex_staircase_pool
Lair:4:   layout_gridlike, infiniplex_staircase_pool_2, grunt_megastairs_5
Lair:5:   wormcave, layout_layer_cave, hangedman_lair_in_review, slime_entry_2,
          minivault_23, uniq_sonja
Swamp:1:  layout_basic_swamp, ebering_ghost_inner_flame,
          evilmike_swamp_ruin_house_2, uniq_louise
Swamp:2:  layout_basic_swamp, nicolae_swamp_little_swirl, swamp_pool_1_2,
          nicolae_swamp_decorative_isthmus
Swamp:3:  nicolae_swamp_phyte_club, layout_falls_marsh, swamp_pool_1_2,
          nicolae_swamp_orc_logging_accident, uniq_mlioglotl
Swamp:4:  swamp, layout_basic_swamp, nicolae_swamp_tree_isthmus
Snake:1:  layout_rooms, minmay_shop_grove, uniq_roxanne
Snake:2:  onia_ninara_swampy_vault, layout_onion, basic_altar,
          grunt_ministairs_13, serial_bayou_shore_b, uniq_vashnia
Snake:3:  layout_onion, basic_altar, serial_library,
          serial_library_hellmonk_octagon, serial_library_hellmonk_open_cross,
          serial_library_hellmonk_hallway_a,
          serial_library_regret_index_turning,
          serial_library_regret_index_branch_corner,
          serial_library_hellmonk_big_corner,
          serial_library_regret_index_small_wings,
          serial_library_regret_index_split_case,
          serial_library_hellmonk_hallway_b, uniq_mara, uniq_aizul, uniq_agnes
Snake:4:  grunt_snake_rune_pools, layout_cave_pods, grunt_ministairs_5,
          minmay_shoptagon, uniq_bai_suzhen
Orc:1:    layout_diamond_mine, basic_altar
Orc:2:    pubby_orc_utopia
Elf:1:    eino_elf_arrival_the_gate, layout_geoelf_octagon, basic_altar,
          nicolae_elf_blasts_and_bolts, uniq_azrael, uniq_jorgrun
Elf:2:    nicolae_elf_blades_crystal_corner, layout_gridlike, serial_shops,
          bzr_in_the_mist, serial_sigils_hangedman_gut
Elf:3:    minmay_elf_hall, layout_geoelf_diagonals, minivault_19, minivault_26,
          drop_trap, uniq_asterion
Vaults:1: hangedman_vaults_stagger, nicolae_vaults_surprise_closet_hard,
          ontoclasm_vaults_decontamination, v_pattern_4,
          nicolae_vaults_wrenched, v_rooms_4, v_misc_2, vaults_dpeg_spiral,
          nicolae_vaults_more_shelving_1, layout_vaults_omnigrid, serial_shops,
          shop_fountains, uniq_norris
Vaults:2: grunt_tower_of_power, minmay_crypt_entry_simple_statues,
          hangedman_vaults_variations, ontoclasm_vaults_ring_small,
          nicolae_vaults_little_squares_4, vaults_dpeg_ring, vaults_room_pool,
          hangedman_vaults_cutoff, hangedman_vaults_snaps,
          nicolae_vaults_border_crossing, v_misc_23,
          ontoclasm_vaults_claustrophobia, nicolae_vaults_closet_pinwheel_5,
          nicolae_vaults_door_testing_chamber, nicolae_vaults_cochlea,
          vaults_mumra_lcd, ontoclasm_vaults_loading_screen,
          layout_vaults_big_cross
Vaults:3: portal_desolation_entry_nicolae_nacl, nicolae_vaults_surprise_closet,
          nicolae_vaults_sightless_eye, vaults_room_boxed,
          nicolae_vaults_frosty_reception, vaults_room_octagon,
          nicolae_vaults_trapezoid_3, nicolae_vaults_six-pack, vaults_mumra_hex,
          nicolae_vaults_trapezoid_lopsided_1,
          serial_library_hellmonk_semicircle, nicolae_vaults_diamond_1,
          v_misc_14, layout_vaults_ring
Vaults:4: nicolae_vaults_six-pack, ontoclasm_vaults_water_temple,
          hangedman_vaults_stitches, ontoclasm_vaults_misaligned,
          ontoclasm_vaults_gateway, nicolae_vaults_windows_and_doors_thing,
          v_misc_26, v_rooms_3, nicolae_vaults_weapon_check,
          nicolae_vaults_tetromino_T_1, grunt_vaults_hallway_short,
          layout_vaults_maze_bifur, serial_glass, uniq_zenata, uniq_sojobo,
          uniq_jory
Vaults:5: uniq_boris

Skill      XL: |  1  2  3  4  5  6  7  8  9 10 11 12 13 14 15 16 17 18 19 20 21 22 23 |
---------------+----------------------------------------------------------------------+-----
Spellcasting   | 4 6 7 9 10 11 12 15 18 19 20 22 23 25 27 | 27.0
Conjurations   | 4 6 7 9 10 11 12 14 15 16 17 18 19 20 21 22 24 | 24.8
Hexes          | 4 6 7 9 10 11 12 14 15 16 17 18 19 20 21 22 24 | 24.8
Summonings     | 4 6 7 9 10 11 12 14 15 16 17 18 19 20 21 22 24 | 24.8
Necromancy     | 4 6 7 9 10 11 12 14 15 16 17 18 19 20 21 22 24 | 24.8
Translocations | 4 6 7 9 10 11 12 14 15 16 17 18 19 20 21 22 24 | 24.8
Fire Magic     | 4 6 7 9 10 11 12 14 15 16 17 18 19 20 21 22 24 | 24.8
Ice Magic      | 4 6 7 9 10 11 12 14 15 16 17 18 19 20 21 22 24 | 24.8
Air Magic      | 4 6 7 9 10 11 12 14 15 16 17 18 19 20 21 22 24 | 24.8
Earth Magic    | 4 6 7 9 10 11 12 14 15 16 17 18 19 20 21 22 24 | 24.8
Alchemy        | 4 6 7 9 10 11 12 14 15 16 17 18 19 20 21 22 24 | 24.8
Fighting       | 3 7 9 10 11 12 13 14 15 17 19 | 19.2
Dodging        | 4 8 10 11 12 13 14 | 14.0
Shields        | 4 9 10 11 12 13 14 | 14.3
Armour         | 4 6 |  6.1
Stealth        | |  1.5

Action                     |  1- 3 |  4- 6 |  7- 9 | 10-12 | 13-15 | 16-18 | 19-21 | 22-24 || total
---------------------------+-------+-------+-------+-------+-------+-------+-------+-------++-------
  Melee: Staff             |       |       |       |     4 |     4 |     1 |     1 |       ||    10
   Fire: Sling             |    34 |       |       |       |       |       |       |       ||    34
   Cast: Magic Dart        |    21 |    97 |   185 |    94 |   173 |     1 |       |       ||   571
         Searing Ray       |     1 |     7 |     8 |     5 |     1 |       |       |       ||    22
         Iskenderun's Myst |       |       |    33 |   165 |   210 |    74 |    57 |    79 ||   618
         Fulminant Prism   |       |       |     8 |    40 |    41 |     2 |     5 |     1 ||    97
         Metabolic Englaci |       |       |       |     4 |     3 |       |       |     1 ||     8
         Summon Mana Viper |       |       |       |       |     5 |     4 |       |       ||     9
         Plasma Beam       |       |       |       |       |   218 |   436 |   477 |   386 ||  1517
         Starburst         |       |       |       |       |       |     2 |     9 |    15 ||    26
    Use: Scroll            |       |       |       |    18 |     5 |     6 |     2 |     9 ||    40
         Potion            |       |       |       |       |     1 |     2 |       |     4 ||     7
 Armour: Robe              |    10 |    21 |    29 |    14 |       |    25 |    81 |    95 ||   275
         Steam dragon scal |       |       |       |    25 |    66 |    45 |       |       ||   136
  Dodge: Dodged            |    12 |    13 |    29 |    45 |    32 |    50 |    38 |    50 ||   269
  Block: Kite shield       |       |       |       |    11 |    37 |    21 |       |       ||    69
         Tower shield      |       |       |       |       |       |    63 |    92 |   110 ||   265

Table legend: (Time is in decaauts)
 A = Elapsed time spent in this place.
 B = Non-inter-level travel time spent in this place.
 C = Inter-level travel time spent in this place.
 D = Time resting spent in this place.
 E = Time spent auto-exploring this place.
 F = Levels seen in this place.
 G = Mean time per level.
                   A        B        C        D        E       F      G
               +--------+--------+--------+--------+--------+-----+--------+
         Total |  38149 |  34904 |   3245 |      0 |  27518 |  41 |  930.5 |
       Dungeon |  14224 |  12999 |   1225 |      0 |  10872 |  15 |  948.3 |
        Temple |    108 |    108 |      0 |      0 |     86 |   1 |  108.0 |
          Lair |   5511 |   4709 |    802 |      0 |   3580 |   5 | 1102.2 |
         Swamp |   2776 |   2558 |    218 |      0 |   2055 |   4 |  694.0 |
     Snake Pit |   4298 |   4133 |    165 |      0 |   3339 |   4 | 1074.5 |
  Orcish Mines |   2183 |   1866 |    317 |      0 |   1404 |   2 | 1091.5 |
   Elven Halls |   3216 |   2991 |    225 |      0 |   2106 |   3 | 1072.0 |
        Vaults |   4841 |   4549 |    292 |      0 |   3624 |   5 |  968.2 |
    Desolation |    586 |    586 |      0 |      0 |    345 |   1 |  586.0 |
      Gauntlet |    401 |    401 |      0 |      0 |    107 |   1 |  401.0 |
               +--------+--------+--------+--------+--------+-----+--------+

Top non-repeatable levels by time:
     D:6: 1876 daAuts
   Orc:2: 1789 daAuts
  Lair:5: 1705 daAuts
     D:3: 1416 daAuts
 Snake:4: 1370 daAuts
Vaults:2: 1315 daAuts
  Lair:2: 1291 daAuts
     D:4: 1266 daAuts
Vaults:1: 1217 daAuts
Vaults:3: 1215 daAuts
     D:9: 1194 daAuts
     D:8: 1177 daAuts
   Elf:1: 1143 daAuts
   Elf:3: 1099 daAuts
 Snake:2: 1098 daAuts
